 Dungeon Crawl Stone Soup version 0.23-a0-629-gae4348f (webtiles) character file.

158 Matador8 the Poker (level 5, 0/41 HPs)
             Began as a Merfolk Abyssal Knight on Dec 26, 2018.
             Was a Follower of Lugonu.
             Slain by a worker ant (3 damage)
             ... on level 4 of the Dungeon.
             The game lasted 00:09:38 (3729 turns).

Matador8 the Poker (Merfolk Abyssal Knight)         Turns: 3729, Time: 00:09:39

Health: 0/41       AC:  6    Str: 13    XL:     5   Next: 40%
Magic:  7/7        EV: 11    Int: 17    God:    Lugonu [*.....]
Gold:   116        SH:  0    Dex: 13    Spells: 4/4 levels left

rFire    + . .     SeeInvis .   a - +1 spear
rCold    + . .     Gourm    .   (no shield)
rNeg     . . .     Faith    .   l - +0 ring mail
rPois    +         Spirit   .   (no helmet)
rElec    +         Reflect  .   (no cloak)
rCorr    +         Harm     .   (no gloves)
MR       .....                  i - +0 pair of boots
Stlth    +.........             (no amulet)
HPRegen  0.13/turn              (no ring)
MPRegen  0.10/turn              (no ring)

@: brilliant, lethally poisoned (0 -> -5), resistant
A: change form in water, swift swim, stealthy swim
a: Depart the Abyss, Renounce Religion


You were on level 4 of the Dungeon.
You worshipped Lugonu.
Lugonu was aware of your devotion.
You were not hungry.

You visited 1 branch of the dungeon, and saw 4 of its levels.
You visited the Abyss 1 time.

You collected 116 gold pieces.

Inventory:

Hand Weapons
 a - a +1 spear (weapon)
 d - a cursed -2 dagger
 m - a +0 whip of flaming
Missiles
 k - 12 poisoned needles
 t - 5 javelins (quivered)
Armour
 b - a +0 leather armour
 i - a +0 pair of boots (worn)
 l - a +0 ring mail (worn)
 w - the cursed +0 robe of Oblivion {*Slow rElec rN+ Dex+4, unknown}
   (You found it on level 4 of the Dungeon)

   It affects your dexterity (+4).
   It insulates you from electricity.
   It protects you from negative energy.
   It may slow you when you take damage.
   It has a curse placed upon it.
 A - a +0 scale mail
Jewellery
 u - a cursed ring of attention {unknown}
 v - a +2 ring of protection {unknown}
Scrolls
 f - 2 scrolls of fear {unknown}
 g - 3 scrolls of immolation {unknown}
 h - 3 scrolls of teleportation {unknown}
 n - 3 scrolls of fog {unknown}
 p - 4 scrolls of identify {unknown}
 q - a scroll of amnesia {unknown}
 s - 2 scrolls of blinking {unknown}
 x - a scroll of remove curse {unknown}
 y - a scroll of magic mapping {unknown}
Potions
 e - 3 potions of haste
 r - a potion of curing {unknown}
 z - a potion of cancellation
Comestibles
 c - 3 rations
 B - a chunk of flesh


   Skills:
 - Level 3.4 Fighting
 * Level 6.6 Polearms
 - Level 0.6 Armour
 - Level 2.6 Dodging
 + Level 3.6 Invocations


You had 4 spell levels left.
You didn't know any spells.
Your spell library was empty.

Dungeon Overview and Level Annotations

Branches:
Dungeon (4/15)
 Temple: D:4-7

Altars:
Dithmenos
The Shining One

Shops:
D:4 [


Message History

The worker ant is almost dead.
The worker ant barely misses you.
You closely miss the worker ant.
The worker ant is almost dead.
You feel sick.
You feel sick. The worker ant bites you.
* * * LOW HITPOINT WARNING * * *
* * * LOW HITPOINT WARNING * * *
You feel sick.
It was a potion of cancellation.
You feel magically purged.
The worker ant bites you but does no damage.
It was a potion of resistance.
You feel protected.
* * * LOW HITPOINT WARNING * * *
You feel sick. The worker ant barely misses you.
It was a potion of brilliance.
You feel clever all of a sudden.
* * * LOW HITPOINT WARNING * * *
You feel sick. The worker ant bites you.
You die...

..........# .....)..###
........# #####
........# ##⌠.⌠#
######### #..∩.# #
#.⌠.⌠#
###############....##
...............'....# ..
################@...#
#.. # #a...# #[.
########### #....# .#..
..........#.().........#
....
..........#............#
....
..........#............#
....
###########............#
.... # #............#
.... # #............#
....


You could see a worker ant.

Vanquished Creatures
  2 worker ants
  3 adders
  A shadow imp (D:3)
  An ooze (D:2)
  2 worms
  A dart slug (D:2)
  2 leopard geckos
  4 orcs (D:3)
  3 ball pythons
  A giant cockroach (D:2)
  8 goblins
  5 hobgoblins
  4 jackals (D:3)
  5 kobolds
  7 bats
  A frilled lizard (D:3)
  11 rats
61 creatures vanquished.

Notes
Turn   | Place    | Note
-------+----------+-------------------------------------------
     0 | Abyss:1  | Matador8 the Merfolk Abyssal Knight began the quest for the
                  | Orb.
     0 | Abyss:1  | Reached XP level 1. HP: 18/18 MP: 2/2
    33 | Abyss:1  | Noticed a hell hound
    35 | D:1      | Escaped the Abyss
   277 | D:1      | Reached XP level 2. HP: 21/24 MP: 3/3
   961 | D:2      | Reached skill level 4 in Polearms
   977 | D:2      | Reached * piety under Lugonu
   977 | D:2      | Reached XP level 3. HP: 21/29 MP: 4/4
  1179 | D:2      | Reached skill level 5 in Polearms
  1212 | D:2      | Reached XP level 4. HP: 12/35 MP: 6/6
  1865 | D:2      | Found a glowing golden altar of the Shining One.
  1914 | D:2      | Found a shadowy altar of Dithmenos.
  2493 | D:3      | Reached skill level 6 in Polearms
  2621 | D:3      | Reached ** piety under Lugonu
  2621 | D:3      | Reached XP level 5. HP: 41/41 MP: 7/7
  2966 | D:4      | Noticed an ogre
  3138 | D:4      | Got a shadowed robe
  3689 | D:4      | Found Goavoeh's Armour Boutique.
  3729 | D:4      | Slain by a worker ant

Vault maps used:
D:1:      lemuel_arrival_muddy, serial_park_tiny_1, patterned_corridor
D:2:      lemuel_round_altar, first_ration, nicolae_tso_swordbearing_angel
D:3:      grunt_ministairs_10
D:4:      grunt_temple_overflow_diamond, minmay_temple_entry_crystal_x,
          serial_curves, eino_curves_04, eino_curves_02, serial_shops,
          shop_fountains

Skill      XL: |  1  2  3  4 |
---------------+-------------+-----
Polearms       | 4 5 6 |  6.6
Invocations    | 3 |  3.6
Fighting       | |  3.4
Armour         | |  0.6
Dodging        | |  2.6

Action                   |  1- 3 |  4- 6 || total
-------------------------+-------+-------++-------
Melee: Spear             |    62 |   170 ||   232
Invok: Depart the Abyss  |     1 |       ||     1
  Use: Potion            |       |     4 ||     4
  Eat: Chunk             |     1 |     5 ||     6
       Ration            |       |     1 ||     1
Armor: Leather armour    |     5 |       ||     5
       Ring mail         |     9 |    49 ||    58
Dodge: Dodged            |    33 |    81 ||   114

Table legend:
 A = Non-vault XP
 B = Vault XP
 C = Vault XP percentage of total XP
 D = Non-vault monster count
 E = Vault monster count
 F = Vault count percentage of total count
                 A         B        C        D         E       F
            +---------+---------+-------+---------+---------+-------
      Total |     222 |       5 |   2.2 |      59 |       2 |   3.3
            +---------+---------+-------+---------+---------+-------
        D:1 |      22 |       0 |   0.0 |      13 |       0 |   0.0
        D:2 |      83 |       0 |   0.0 |      17 |       0 |   0.0
        D:3 |      71 |       5 |   6.6 |      27 |       2 |   6.9
        D:4 |      46 |       0 |   0.0 |       2 |       0 |   0.0
            +---------+---------+-------+---------+---------+-------
